 Dungeon Crawl Stone Soup version 0.23.2-33-g5129a83184 (webtiles) character file.

Game seed: 6679538662551807852

117 Aesthetico the Magician (level 4, -3/25 HPs)
             Began as a Deep Elf Wanderer on July 18, 2019.
             Was an Initiate of Vehumet.
             Slain by an orc
             ... wielding a +0 club
              (5 damage)
             ... on level 3 of the Dungeon.
             The game lasted 00:05:43 (1738 turns).

Aesthetico the Magician (Deep Elf Wanderer)         Turns: 1738, Time: 00:05:43

Health: -3/25      AC:  3    Str:  7    XL:     4   Next: 71%
Magic:  1/13       EV: 12    Int: 18    God:    Vehumet [......]
Gold:   64         SH:  0    Dex: 16    Spells: 13/14 levels left

rFire    . . .     SeeInvis .   a - +0 hand crossbow
rCold    + . .     Gourm    .   (no shield)
rNeg     . . .     Faith    .   e - +0 robe
rPois    .         Spirit   .   (no helmet)
rElec    .         Reflect  .   h - +0 cloak
rCorr    .         Harm     .   (no gloves)
MR       .....                  (no boots)
Stlth    +++.......             r - amulet of inaccuracy (curse)
HPRegen  0.08/turn              k - ring of stealth
MPRegen  0.13/turn              s - ring of protection from cold

@: very slightly contaminated
A: no striking features
a: Renounce Religion


You were on level 3 of the Dungeon.
You worshipped Vehumet.
Vehumet was noncommittal.
You were not hungry.

You visited 1 branch of the dungeon, and saw 3 of its levels.

You collected 64 gold pieces.

Inventory:

Hand Weapons
 a - a +0 hand crossbow (weapon)
 f - a +0 dagger
Missiles
 c - 25 bolts (quivered)
Armour
 e - a +0 robe (worn)
 h - a +0 cloak (worn)
Jewellery
 k - a ring of stealth (left hand)
 r - a cursed amulet of inaccuracy (around neck)
 s - a ring of protection from cold (right hand)
Wands
 b - a wand of random effects (23)
Scrolls
 d - 2 scrolls of teleportation
 i - 3 scrolls of identify
 j - a scroll of enchant weapon
 m - a scroll of remove curse {unknown}
Potions
 l - a potion of curing {unknown}
 n - a potion of might {unknown}
 o - a potion of flight {unknown}
Comestibles
 g - 4 rations
 p - a chunk of flesh


   Skills:
 - Level 1.5 Fighting
   Level 1.3 Maces & Flails
 + Level 1.6 Crossbows
 - Level 1.0 Armour
 + Level 0.8 Dodging
 - Level 2.4 Stealth
 + Level 5.5 Spellcasting
 + Level 1.5 Conjurations
   Level 1.1 Poison Magic


You had 13 spell levels left.
You knew the following spells:

 Your Spells              Type           Power        Failure   Level  Hunger
a - Magic Dart            Conj           ##..         7%          1    None

Your spell library contained the following spells:

 Spells                   Type           Power        Failure   Level  Hunger
 Blink                    Tloc           N/A          19%         2    #......
 Call Imp                 Summ           #.......     19%         2    #......
 Slow                     Hex            #.......     19%         2    #......
 Mephitic Cloud           Conj/Pois/Air  #.......     26%         3    ##.....
 Conjure Flame            Conj/Fire      #.......     28%         3    ##.....


Dungeon Overview and Level Annotations

Branches:
Dungeon (3/15)

Altars:
Cheibriados
Okawaru
Vehumet
Xom


Message History

You shoot a bolt. The goblin shouts!
The bolt hits the orc wizard.
The orc wizard is almost dead.
The orc misses you. The orc wizard completely misses you.
The orc wizard misses you. The orc hits you but does no damage.
Firing (i - inventory)
c - 27 bolts (quivered)
Press: ? - help, Shift-Dir - straight line, f/p - orc wizard
Aim: an orc wizard, wielding a +0 dagger and wearing a +0 robe (almost dead)
You shoot a bolt. The bolt misses the orc wizard.
The orc wizard misses you. The orc hits you with a +0 club.
* * * LOW HITPOINT WARNING * * *
Firing (i - inventory)
c - 26 bolts (quivered)
Press: ? - help, Shift-Dir - straight line, f/p - orc wizard
Aim: an orc wizard, wielding a +0 dagger and wearing a +0 robe (almost dead)
You shoot a bolt. The bolt hits the orc wizard!
You kill the orc wizard!
Vehumet accepts your kill. The orc hits you with a +0 club.
You die...

#.....####.........###..#...###.
#.....# ###.......# #..##.###..
#.....# #.......# #.....# #..
#.....# #.......# #.#...# #..
#.....# ##......###.#...# #..
#.....# #..........#...####.
#.....#### ############........
#........###############...####.
#.............#@).....(...###...
#####.........#.o...........#...
######..............g........#...
....##..).#......................
....##....#...............####..†
....##....#...............# ####
....##....##......##.###### ###
....#.............##.# #####.#
..................##.#####.....#


You could see an orc and a goblin.

Vanquished Creatures
  A hound (D:2)
  An orc wizard (D:3)
  2 adders
  A worm (D:3)
  3 dart slugs
  3 leopard geckos
  3 orcs (D:3)
  2 giant cockroaches
  3 goblins
  5 hobgoblins
  2 quokkas
  2 bats
  A frilled lizard (D:1)
  A kobold (D:3)
  2 rats
32 creatures vanquished.

Notes
Turn   | Place    | Note
-------+----------+-------------------------------------------
     0 | D:1      | Aesthetico the Deep Elf Wanderer began the quest for the
                  | Orb.
     0 | D:1      | Aesthetico set off with the following items: a +0 hand
                  | crossbow, 23 bolts, a scroll of teleportation, a +0 robe, a
                  | +0 dagger, a ration; and the following spell memorised:
                  | Magic Dart; and the following spells available to memorise:
                  | Blink, Call Imp, Slow, Mephitic Cloud, Conjure Flame
     0 | D:1      | Reached XP level 1. HP: 12/12 MP: 6/6
   100 | D:2      | Reached XP level 2. HP: 4/16 MP: 0/8
   208 | D:2      | Reached skill level 4 in Spellcasting
   469 | D:2      | Reached skill level 1 in Conjurations
   469 | D:2      | Reached XP level 3. HP: 19/20 MP: 8/11
   477 | D:2      | Reached skill level 5 in Spellcasting
   809 | D:2      | Found a radiant altar of Vehumet.
   822 | D:2      | Became a worshipper of Vehumet
   836 | D:2      | Found a snail-covered altar of Cheibriados.
   948 | D:2      | Found a shimmering altar of Xom.
  1007 | D:3      | Reached skill level 1 in Crossbows
  1007 | D:3      | Reached XP level 4. HP: 25/25 MP: 13/13
  1444 | D:3      | Found an iron altar of Okawaru.
  1738 | D:3      | Slain by an orc

Skill      XL: |  1  2  3 |
---------------+----------+-----
Spellcasting   | 4 5 |  5.5
Conjurations   | 1 |  1.5
Crossbows      | 1 |  1.6
Fighting       | |  1.5
Maces & Flails | |  1.3
Armour         | |  1.0
Dodging        | |  0.8
Stealth        | |  2.4
Poison Magic   | |  1.1

Action                   |  1- 3 |  4- 6 || total
-------------------------+-------+-------++-------
 Fire: Hand crossbow     |    18 |    18 ||    36
 Cast: Magic Dart        |    40 |    49 ||    89
  Use: Scroll            |       |     4 ||     4
  Eat: Chunk             |       |     2 ||     2
Armor: Robe              |     3 |     9 ||    12
Dodge: Dodged            |    10 |    23 ||    33
